 Dungeon Crawl Stone Soup version 0.20-b1-12-g5827e59 (webtiles) character file.

683 ChaseSP the Cleaver (level 7, -3/57 HPs)
             Began as a Hill Orc Gladiator on May 23, 2017.
             Was an Initiate of Okawaru.
             Splashed by a jelly's acid (7 damage)
             ... on level 5 of the Dungeon.
             The game lasted 00:05:56 (4430 turns).

ChaseSP the Cleaver (Hill Orc Gladiator)            Turns: 4430, Time: 00:05:57

Health: -3/57      AC:  1    Str: 25    XL:     7   Next: 61%
Magic:  7/7        EV: 11    Int:  8    God:    Okawaru [......]
Gold:   226        SH:  0    Dex: 13    Spells: 6/6 levels left

rFire    . . .     SeeInvis .   a - +0 war axe
rCold    . . .     Gourm    .   (no shield)
rNeg     . . .     Faith    +   g - +0 scale mail (curse)
rPois    .         Spirit   .   c - +0 helmet
rElec    .         Reflect  .   y - +0 cloak
rCorr    .         Harm     .   C - +0 pair of gloves
MR       .....                  (no boots)
Stlth    ..........             z - amulet of faith
Regen    0.2/turn               r - +5 ring of strength
MPRegen  0.1/turn               s - +2 ring of strength

@: corroded
A: no striking features
a: Renounce Religion


You were on level 5 of the Dungeon.
You worshipped Okawaru.
Okawaru was noncommittal.
You were not hungry.

You visited 2 branches of the dungeon, and saw 6 of its levels.

You collected 226 gold pieces.

Inventory:

Hand Weapons
 a - a +0 war axe (weapon)
 x - a cursed -2 mace
Missiles
 d - 3 throwing nets (quivered)
 e - 66 bolts
Armour
 c - a +0 helmet (worn)
 g - a cursed +0 scale mail (worn)
 y - a +0 cloak (worn)
 C - a +0 pair of gloves (worn)
Jewellery
 r - a +5 ring of strength (left hand)
 s - a +2 ring of strength (right hand)
 z - an amulet of faith (around neck)
Scrolls
 i - 3 scrolls of identify
 k - a scroll of blinking {unknown}
 l - a scroll of fog {unknown}
 n - a scroll of fear {unknown}
 o - a scroll of recharging
 q - a scroll of immolation {unknown}
 u - a scroll of enchant armour {unknown}
 B - a scroll of enchant weapon {unknown}
 D - a scroll of remove curse {unknown}
 E - a scroll of noise {unknown}
Potions
 h - 2 potions of brilliance
 j - a potion of ambrosia
 m - 2 potions of haste
 p - a potion of flight
 v - a potion of berserk rage
 w - 2 potions of heal wounds
 A - a potion of curing
Comestibles
 b - a royal jelly
 f - 2 bread rations
 t - 3 chunks of flesh


   Skills:
 + Level 3.2 Fighting
 * Level 10.7 Axes
 - Level 1.7 Throwing
 - Level 1.5 Armour
 - Level 2.4 Dodging


You had 6 spell levels left.
You didn't know any spells.

Dungeon Overview and Level Annotations

Branches:
Dungeon (5/15)             Temple (1/1) D:4

Altars:
Ashenzari
Cheibriados
Dithmenos
Elyvilon
Fedhas
Gozag
Hepliaklqana
Kikubaaqudgha
Makhleb
Nemelex Xobeh
Okawaru
Qazlal
Ru
Sif Muna
Trog
Uskayaw
Vehumet
Xom
Yredelemnul
Zin
The Shining One


Message History

The jelly hits you. The acid corrodes you!
You are splashed with acid!
The acid burns!
You are too injured to fight recklessly!
You hit the jelly.
Your hands burn!
The jelly is lightly wounded.
The jelly barely misses you.
You hit the jelly.
Your hands burn!
* * * LOW HITPOINT WARNING * * *
The jelly is moderately wounded.
The jelly hits you.
* * * LOW HITPOINT WARNING * * *
You are splashed with acid!
The acid burns!
* * * LOW HITPOINT WARNING * * *
You slash the jelly!
Your hands burn!
* * * LOW HITPOINT WARNING * * *
The jelly is almost dead.
The jelly hits you.
* * * LOW HITPOINT WARNING * * *
You are splashed with acid!
The acid burns!
You die...

.. .. ... .##.. #
.#..#. # .#...#..### #
...#.$.#..## #
#...#...#.#############
#...#................
#J@.#..############
#...#....# #...#...#..#
...#...#....# .#
.#...#..# #?.$#....#
..#.....## .#.....##


You could see a jelly.

Vanquished Creatures
  Eustachio (D:4)
  A phantom (D:4)
  2 ogres (D:4)
  A bullfrog (D:5)
  A hound (D:4)
  Crazy Yiuf (D:2)
  An orc priest (D:4)
  An orc wizard (D:4)
  2 adders (D:3)
  2 oozes
  An adder skeleton (D:4)
  2 worms
  2 dart slugs
  A leopard gecko (D:1)
  2 orcs (D:4)
  6 bats
  5 giant cockroaches
  10 goblins
  10 hobgoblins
  7 jackals (D:1)
  2 kobolds
  A quokka (D:2)
  3 frilled lizards
  A leopard gecko skeleton (D:4)
  6 rats
72 creatures vanquished.

Notes
Turn   | Place    | Note
-------+----------+-------------------------------------------
     0 | D:1      | ChaseSP the Hill Orc Gladiator began the quest for the Orb.
     0 | D:1      | Reached XP level 1. HP: 18/18 MP: 1/1
    81 | D:1      | Reached XP level 2. HP: 13/25 MP: 2/2
   108 | D:1      | HP: 1/25 [jackal (3)]
   115 | D:1      | Reached skill level 5 in Axes
   338 | D:1      | Reached XP level 3. HP: 25/30 MP: 3/3
  1525 | D:2      | Reached skill level 6 in Axes
  1581 | D:2      | Found a runed door.
  1624 | D:2      | Noticed Crazy Yiuf
  1629 | D:2      | Killed Crazy Yiuf
  1629 | D:2      | Reached skill level 1 in Armour
  1629 | D:2      | Reached XP level 4. HP: 37/37 MP: 4/4
  2208 | D:3      | Found a sparkling altar of Nemelex Xobeh.
  2505 | D:3      | Reached XP level 5. HP: 42/42 MP: 5/5
  2565 | D:3      | Reached skill level 7 in Axes
  2939 | D:4      | Reached skill level 8 in Axes
  3148 | D:4      | Noticed a phantom
  3173 | D:4      | Killed a phantom
  3173 | D:4      | Reached XP level 6. HP: 41/50 MP: 6/6
  3254 | D:4      | Noticed Eustachio
  3279 | D:4      | Killed Eustachio
  3279 | D:4      | Reached skill level 9 in Axes
  3279 | D:4      | Reached XP level 7. HP: 47/56 MP: 7/7
  3596 | D:4      | Reached skill level 10 in Axes
  3725 | D:4      | Found a staircase to the Ecumenical Temple.
  3859 | D:5      | Entered Level 5 of the Dungeon
  3904 | Temple   | Entered the Ecumenical Temple
  4025 | Temple   | Became a worshipper of Warmaster Okawaru
  4089 | D:4      | HP: 1/56 [ogre/giant spiked club (26)]
  4430 | D:5      | Splashed by a jelly's acid

Skill      XL: |  1  2  3  4  5  6  7 |
---------------+----------------------+-----
Axes           | 5 6 8 9 10 | 10.7
Armour         | 1 |  1.5
Fighting       | 3 |  3.2
Throwing       | |  1.7
Dodging        | |  2.4

Action                   |  1- 3 |  4- 6 |  7- 9 || total
-------------------------+-------+-------+-------++-------
Melee: War axe           |   117 |   134 |    38 ||   289
Throw: Throwing net      |     2 |       |       ||     2
  Use: Potion            |     1 |     1 |       ||     2
       Scroll            |       |     3 |     4 ||     7
  Eat: Chunk             |     2 |     5 |     2 ||     9
       Fruit             |       |       |     3 ||     3
Armor: Leather armour    |    34 |       |       ||    34
       Scale mail        |    16 |    53 |     4 ||    73
Dodge: Dodged            |    89 |    77 |    18 ||   184
